 Seeded DCSS version 0.30.1-6-gbe392663c4 (webtiles) character file.

Game seed: 7229806256980976716 (custom seed)

41 Psyclone the Conjurer (level 3, 0/19 HPs)
             Began as a Deep Elf Conjurer on Sept 20, 2023.
             Splashed by a jelly's acid (7 damage)
             ... on level 2 of the Dungeon.
             The game lasted 00:06:23 (1197 turns).

Psyclone the Conjurer (Deep Elf Conjurer)           Turns: 1197, Time: 00:06:24

Health: 0/19       AC: -2    Str:  4    XL:     3   Next: 32%
Magic:  2/10       EV: 12    Int: 24    God:
Gold:   1271       SH:  0    Dex: 13    Spells: 1/9 levels left

rFire   . . .        f - +0 dagger
rCold   . . .        (no shield)
rNeg    . . .        a - +0 robe
rPois   .            (no helmet)
rElec   .            (no cloak)
rCorr   .            (no gloves)
SInv    .            (no boots)
Will    .....        (no amulet)
Stlth   ++           (no ring)
HPRegen 0.23/turn    (no ring)
MPRegen 0.12/turn

%: no passive effects
@: corroded
A: wild magic 1, sturdy frame 1
a: no special abilities


You were on level 2 of the Dungeon.
You visited 1 branch of the dungeon, and saw 2 of its levels.

You collected 1271 gold pieces.

Inventory:

Hand Weapons
 f - a +0 dagger (weapon)
Missiles
 i - a throwing net {!f}
Armour
 a - a +0 robe (worn)
Jewellery
 d - the ring "Qyolev" {Ice rElec rPois Str-3 Slay+2}
   (You acquired it on level 1 of the Dungeon)

   [ring of ice]

   It enhances your ice magic.
   Str:       It affects your strength (-3).
   Slay:      It affects your accuracy & damage with ranged weapons and melee
   (+2).
   rF:        It makes you vulnerable to fire.
   rC:        It protects you from cold.
   rElec:     It insulates you from electricity.
   rPois:     It protects you from poison.
Scrolls
 c - a scroll of amnesia
 k - a scroll of enchant armour
Potions
 b - a potion of magic


   Skills:
 - Level 3.0 Dodging
 - Level 3.1 Stealth
 - Level 3.5 Spellcasting
 + Level 4.9 Conjurations


You had one spell level left.
You knew the following spells:

 Your Spells              Type           Power      Damage    Failure   Level
a - Magic Dart            Conj           100%       1d8       2%          1
b - Searing Ray           Conj           72%        2d7       3%          2
s - Ignite Poison         Fire/Tmut/Pois 5%         N/A       38%         3
v - Poisonous Vapours     Pois/Air       10%        N/A       22%         2

Your spell library contained the following spells:

 Spells                   Type           Power      Damage    Failure   Level
 Dazzling Flash           Conj/Hex       40%        N/A       16%         3
 Cigotuvi's Dreadful Rot  Necr/Pois/Air  10%        N/A       22%         2
 Mephitic Cloud           Conj/Pois/Air  15%        N/A       22%         3
 Fulminant Prism          Conj/Hex       10%        3d8       45%         4
 Iskenderun's Mystic Bla  Conj/Tloc      20%        2d6       45%         4
 Freezing Cloud           Conj/Ice/Air   7%         6-21      87%         5


Dungeon Overview and Level Annotations

Branches:
Dungeon (2/15) Zot: 10802

Altars:


Innate Abilities, Weirdness & Mutations

Your spells are a little harder to cast, but a little more powerful.
Your movements are slightly less encumbered by armour. (ER -2)


Message History

Aiming: Magic Dart (safe; 3% risk of failure)
Press: ? - help, Shift-Dir - straight line, f/p - adder
Aim: an adder (moderately wounded, 100% to hit)
The magic dart hits the adder!
You kill the adder!
Casting: Magic Dart (safe; 2% risk of failure)
Confirm with . or Enter, or press ? or * to list all spells.
Aiming: Magic Dart (safe; 2% risk of failure)
Press: ? - help, Shift-Dir - straight line, f - jelly
Aim: a jelly (lightly wounded, 100% to hit)
The magic dart hits the jelly.
The jelly is lightly wounded.
You now have 5/10 mp.
Casting: Magic Dart (safe; 2% risk of failure)
Confirm with . or Enter, or press ? or * to list all spells.
Aiming: Magic Dart (safe; 2% risk of failure)
Press: ? - help, Shift-Dir - straight line, f/p - jelly
Aim: a jelly (lightly wounded, 100% to hit)
The magic dart hits the jelly.
The jelly is heavily wounded.
The jelly hits you but does no damage.
You now have 4/10 mp.
Casting: Magic Dart (safe; 2% risk of failure)
Confirm with . or Enter, or press ? or * to list all spells.
Aiming: Magic Dart (safe; 2% risk of failure)
Press: ? - help, Shift-Dir - straight line, f/p - jelly
Aim: a jelly (heavily wounded, 100% to hit)
The magic dart hits the jelly.
The jelly is almost dead.
The jelly hits you. The acid corrodes you!
You are splashed with acid!
You take 10 damage, and have 9/19 hp.
MASSIVE DAMAGE!!
You now have 3/10 mp.
Casting: Magic Dart (safe; 2% risk of failure)
Confirm with . or Enter, or press ? or * to list all spells.
Aiming: Magic Dart (safe; 2% risk of failure)
Press: ? - help, Shift-Dir - straight line, f/p - jelly
Aim: a jelly (almost dead, 100% to hit)
The magic dart hits the jelly.
The jelly is almost dead.
The jelly hits you.
You are splashed with acid!
You die...

############
#..........# ######
#.<)†......# . #....#
#.†††......####..
#....###................
#....#.†...............#
#....+.................#
#....#.................#
##....#......@J...#.###
#.........>######.# #
#....####### #........
#....# ......... #....#
.......... #....#
.#....##### #....#
#.#..### ##### # #..#
...#


You could see a jelly.

Vanquished Creatures
  An adder (D:2)
  2 giant cockroaches (D:1)
  A goblin (D:1)
  2 hobgoblins (D:1)
  10 jackals
  2 quokkas (D:1)
  2 ball pythons (D:1)
  3 bats (D:1)
  A frilled lizard (D:1)
  3 rats
27 creatures vanquished.

Notes
Turn   | Place    | Note
-------+----------+-------------------------------------------
     0 | D:1      | Psyclone the Deep Elf Conjurer began the quest for the Orb.
     0 | D:1      | Reached XP level 1. HP: 10/10 MP: 6/6
    41 | D:1      | Identified 3 scrolls of acquirement
    41 | D:1      | Acquired 1221 gold pieces
    42 | D:1      | Acquired a Trismegistus Codex
    43 | D:1      | Acquired the ring "Qyolev" {Ice rElec rPois Str-3 Slay+2}
   297 | D:1      | Reached XP level 2. HP: 15/15 MP: 1/8
   384 | D:1      | Learned a level 2 spell: Searing Ray
  1065 | D:1      | Gained mutation: Your spells are a little harder to cast,
                  | but a little more powerful. [potion of mutation]
  1065 | D:1      | Gained mutation: Your movements are slightly less
                  | encumbered by armour. (ER -2) [potion of mutation]
  1074 | D:2      | Reached XP level 3. HP: 19/19 MP: 5/10
  1163 | D:2      | Learned a level 2 spell: Poisonous Vapours
  1167 | D:2      | Learned a level 3 spell: Ignite Poison
  1197 | D:2      | Splashed by a jelly's acid

Illustrated notes

Levels and vault maps discovered:
D:1:      spicycebolla_arrival_ecumenical, layout_loops_ring
D:2:      layout_basic

Skill      XL: |  1  2 |
---------------+-------+-----
Stealth        | 3 |  3.1
Dodging        | 3 |  3.0
Spellcasting   | |  3.5
Conjurations   | |  4.9

Action                     || total
---------------------------++-------
  Melee: Dagger            ||    10
   Cast: Magic Dart        ||    51
         Poisonous Vapours ||     1
    Use: Scroll            ||     8
         Potion            ||     2
 Armour: Robe              ||    10
  Dodge: Dodged            ||    12
